AoeStats
← Dübel Dieter

Arabia

507980927Analyzed
1v1 RM · 12d ago on Sep 20, 2026· 52m 38s· 2 players
Game mode
Random Map
Map size
Tiny (2 player)
Population
200
Speed
Normal
Resources
Standard
Victory
Conquest
Starting age
Dark Age
Ending age
Imperial Age
RankedLock teamsTeams togetherTeam positionsShared explorationLock speedFull tech treeHidden civsTurbo modeCheats
Victory
Defeat
🇹🇷 Mongols · Türkiye
1019
+16
🇩🇪 Khitans · Germany
1025
-16
SaladinTheKurd
6:40 Loom
9:40 Feudal Age
10:52 Double-Bit Axe
14:39 Wheelbarrow
17:12 Horse Collar
22:36 Castle Age
22:07 Fletching
22:43 Gold Mining
24:15 Gold Shaft Mining
23:52 Bow Saw
24:09 Bodkin Arrow
24:46 Heavy Plow
26:11 Husbandry
27:15 Thumb Ring
32:02 Hand Cart
34:16 Ballistics
34:38 Bloodlines
37:31 Nomads
41:03 Imperial Age
38:39 Light Cavalry
40:22 Forging
40:47 Scale Barding Armor
41:35 Murder Holes
41:51 Masonry
42:17 Chain Barding Armor
42:33 Iron Casting
43:11 Conscription
43:49 Siege Engineers
43:31 Hussar
47:14 Blast Furnace
47:43 Chemistry
48:17 Stone Mining
51:32 Bracer
Dübel Dieter
6:01 Loom
9:29 Feudal Age
11:17 Double-Bit Axe
13:27 Forging
15:52 Domestication
18:35 Wheelbarrow
19:48 Scale Barding Armor
21:53 Castle Age
23:12 Bow Saw
24:24 Husbandry
27:19 Chain Barding Armor
27:48 Iron Casting
29:06 Hand Cart
33:29 Light Cavalry
40:41 Imperial Age
41:05 Town Watch
41:11 Elite Steppe Lancer
44:46 Padded Archer Armor
44:37 Fletching
44:22 Elite Skirmisher
45:09 Thumb Ring
45:27 Ballistics
45:03 Murder Holes
45:14 Siege Engineers
45:20 Masonry
46:10 Chemistry
47:45 Two-Man Saw
47:39 Conscription
47:56 Plate Barding Armor
47:37 Leather Archer Armor
47:17 Bodkin Arrow
49:42 Hussar
Connection lost

Rejoining the realm…

Still unreachable

The connection could not be restored.

Session expired

The server has moved on; the page needs a fresh start.